 Dungeon Crawl Stone Soup version 0.27-a0-54-g64bdb92e38 (webtiles) character file.

Game seed: 3446751296798630858

15729 robertstho the Quickloader (level 12, -14/79 HPs)
             Began as a Kobold Hunter on Jan 7, 2021.
             Was a High Priest of Okawaru.
             Demolished by a white ugly thing (35 damage)
             ... on level 13 of the Dungeon.
             The game lasted 00:32:31 (20698 turns).

robertstho the Quickloader (Kobold Hunter)         Turns: 20698, Time: 00:32:32

Health: -14/79     AC: 29    Str: 13    XL:     12   Next: 61%
Magic:  18/18      EV: 11    Int: 13    God:    Okawaru [*****.]
Gold:   872        SH:  0    Dex: 16    Spells: 11/11 levels left

rFire    . . .     SeeInvis .   I - +12 trident of the Forest {vorpal, +Rage}
rCold    . . .     Faith    .   (shield currently unavailable)
rNeg     . . .     Spirit   .   J - +0 crystal plate armour
rPois    +         Reflect  .   w - +1 helmet
rElec    .         Harm     .   e - +1 cloak
rCorr    .         Rampage  .   (no gloves)
Will     .....                  x - +0 pair of boots
Stlth    ..........             (no amulet)
HPRegen  0.23/turn              B - ring of poison resistance
MPRegen  0.16/turn              K - +4 ring of evasion

@: heroism, studying Armour
A: small, nightstalker 3
a: Renounce Religion, Evoke Berserk Rage, Heroism, Finesse


You were on level 13 of the Dungeon.
You worshipped Okawaru.
Okawaru was extremely pleased with you.
You visited 1 branch of the dungeon, and saw 13 of its levels.
You also visited: Sewer and Bailey.

You collected 872 gold pieces.

Inventory:

Hand Weapons
 a - a +1 hand crossbow
 n - a +4 scimitar of flaming
 r - a +1 whip of venom
 E - the +3 falchion "Afocs" {drain, *Noise rElec Will+ Str+2}
   (You found it on level 7 of the Dungeon)

   A truly terrible weapon, it drains the life of those it strikes.
   It affects your strength (+2).
   It insulates you from electricity.
   It affects your willpower, your defense against some magical effects.
   It may make noises in combat.
 I - the +12 trident of the Forest (weapon) {vorpal, +Rage}
   (You took it off an orc wizard on level 9 of the Dungeon)

   It inflicts extra damage upon your enemies.
   It lets you go berserk.
 L - the +2 long sword of Arrival {flame, rF+ rC+ Str-5 Dex+4}
   (You found it on level 11 of the Dungeon)

   It has been specially enchanted to burn those struck by it, causing extra
   injury to most foes and up to half again as much damage against particularly
   susceptible opponents.
   Big, fiery blades are also staple armaments of hydra-hunters.
   It affects your strength (-5).
   It affects your dexterity (+4).
   It protects you from fire.
   It protects you from cold.
Missiles
 d - 227 bolts
Armour
 e - a +1 cloak (worn)
 v - a +0 ring mail
 w - a +1 helmet (worn)
 x - a +0 pair of boots (worn)
 J - a +0 crystal plate armour (worn)
Jewellery
 h - an uncursed ring of flight
 s - an uncursed ring of willpower
 B - a ring of poison resistance (left hand)
 G - an uncursed ring of ice
 K - a +4 ring of evasion (right hand)
Wands
 c - a wand of enslavement (6)
 y - a wand of digging (6)
 F - a wand of iceblast (2)
Scrolls
 b - a scroll of noise {unknown}
 i - a scroll of silence
 l - 2 scrolls of teleportation
 o - a scroll of identify
 t - 5 scrolls of fog
 u - 6 scrolls of remove curse
 A - a scroll of fear
 C - 4 scrolls of enchant armour
Potions
 f - a potion of invisibility
 g - 2 potions of ambrosia
 j - a potion of mutation
 m - 5 potions of lignification
 p - 3 potions of might
 q - a potion of magic
 D - a potion of cancellation
 H - a potion of haste
Books
 k - a manual of Armour


   Skills:
 + Level 10.8(15.8) Fighting
 + Level 1.0(6.0) Long Blades
 + Level 0.4(5.4) Maces & Flails
 + Level 0.1(5.1) Polearms
 + Level 13.7(18.7) Crossbows
 + Level 8.0(13.0) Armour
 + Level 6.5(11.5) Dodging
 + Level 3.7(8.7) Stealth
 * Level 8.6 Invocations
 + Level 2.9 Evocations


You had 11 spell levels left.
You didn't know any spells.
Your spell library contained the following spells:

 Spells                   Type           Power        Failure   Level
 Beastly Appendage        Tmut           0%           100%        1
 Blink                    Tloc           N/A          100%        2
 Wereblood                Tmut           0%           100%        2
 Gell's Gravitas          Tloc           0%           100%        3
 Lesser Beckoning         Tloc           0%           100%        3
 Spider Form              Tmut/Pois      0%           100%        3
 Teleport Other           Tloc           0%           100%        3
 Ice Form                 Ice/Tmut       0%           100%        4
 Passage of Golubria      Tloc           N/A          100%        4
 Blade Hands              Tmut           0%           100%        5


Dungeon Overview and Level Annotations

Branches:
Dungeon (13/15)              Lair (0/6) D:9             Orc (0/2) D:12
  Sewer (visited)          Bailey (visited)
 Temple: D:4-7       Vaults: D:13-14

Altars:
Ashenzari
Hepliaklqana
Kikubaaqudgha
Makhleb
Nemelex Xobeh
Okawaru
Qazlal
Ru
Vehumet
Yredelemnul
Zin
The Shining One

Shops:
D:12 (

Annotations:
D:4 Edmund
D:7 Need disintegration for vault


Innate Abilities, Weirdness & Mutations

You are small and have problems with some larger weapons.
You are completely attuned to the shadows.


Message History

You shoot a bolt.
The bolt closely misses the white ugly thing.
The white ugly thing completely misses you.
You shoot a bolt.
The bolt closely misses the white ugly thing.
The white ugly thing barely misses you.
You shoot a bolt. The bolt hits the white ugly thing.
The white ugly thing is heavily wounded.
The white ugly thing barely misses you.
You shoot a bolt. The bolt hits the white ugly thing.
The white ugly thing is heavily wounded.
The white ugly thing gores you. The white ugly thing freezes you!!
* * * LOW HITPOINT WARNING * * *
You are too injured to fight recklessly!
I - the +12 trident of the Forest (weapon)
{vorpal, +Rage} The white ugly thing gores you but does no damage.
You fail to use your ability.
The white ugly thing gores you.
* * * LOW HITPOINT WARNING * * *
The white ugly thing freezes you!!
You die...

#..# #..#
#..###
#..... #@#
#u#
#####(#
......#
.....(###
..........
..........
......$...
....######


You could see a white ugly thing.

Vanquished Creatures
  Snorg (D:11)
  Erica (D:8)
  A two-headed ogre (D:12)
  An unseen horror (D:12)
  An orc knight (Bailey)
  A manticore (D:12)
  A centaur skeleton (D:12)
  4 trolls
  A hornet (D:9)
  2 wraiths
  9 yaks (D:10)
  2 wyverns
  Eustachio (D:6)
  2 steam dragons
  3 wargs (D:9)
  A black bear (D:10)
  5 ice beasts
  15 orc warriors
  A phantom (D:5)
  4 sky beasts
  An eye of draining (D:11)
  6 ogres
  6 centaurs
  7 big kobolds
  6 bullfrogs
  3 gnoll sergeants
  A water moccasin skeleton (D:7)
  2 scorpions
  9 killer bees
  12 wights
  6 howler monkeys
  4 bullfrog zombies
  3 centaur zombies
  2 quasits
  10 hounds
  3 jellies
  3 gnoll shamans (D:8)
  10 orc priests
  A bullfrog skeleton (D:7)
  19 orc wizards
  7 iguanas
  Natasha (D:4)
  4 worker ants
  2 hound zombies
  2 hound skeletons (D:8)
  7 gnolls
  2 howler monkey skeletons (D:6)
  9 adders
  3 river rats (Sewer)
  2 white imps (D:7)
  5 ufetubi
  6 oozes (Sewer)
  4 adder zombies
  2 adder skeletons
  5 worms
  2 dart slugs
  6 leopard geckos
  65 orcs
  7 giant cockroaches
  9 goblins
  11 hobgoblins
  10 jackals
  7 quokkas
  4 ball pythons
  5 bats
  6 frilled lizards
  23 kobolds
  A quokka skeleton (D:6)
  10 rats
398 creatures vanquished.

Vanquished Creatures (others)
  A big kobold (D:8)
  2 orcs (D:11)
  34 plants (D:8)
37 creatures vanquished.

Grand Total: 435 creatures vanquished

Notes
Turn   | Place    | Note
-------+----------+-------------------------------------------
     0 | D:1      | robertstho the Kobold Hunter began the quest for the Orb.
     0 | D:1      | Reached XP level 1. HP: 12/12 MP: 1/1
   190 | D:1      | Reached skill level 5 in Crossbows
   389 | D:1      | Reached XP level 2. HP: 18/18 MP: 2/2
  1081 | D:2      | Reached XP level 3. HP: 22/22 MP: 3/3
  1801 | D:3      | Found a stormy altar of Qazlal.
  1926 | D:3      | Found an ancient bone altar of Kikubaaqudgha.
  1929 | D:3      | Reached skill level 6 in Crossbows
  1947 | D:3      | Reached XP level 4. HP: 17/27 MP: 4/4
  2160 | D:3      | Found a stormy altar of Qazlal.
  2637 | D:3      | Reached skill level 1 in Armour
  2798 | D:3      | Reached XP level 5. HP: 32/32 MP: 5/5
  3222 | D:3      | Found a glowing golden altar of the Shining One.
  3464 | D:3      | Reached skill level 7 in Crossbows
  4163 | D:4      | Noticed Natasha
  4165 | D:4      | Killed Natasha
  4166 | D:4      | Reached XP level 6. HP: 37/37 MP: 6/6
  4535 | D:4      | Noticed Edmund
  4866 | D:4      | Found a hazy altar of Hepliaklqana.
  5090 | D:5      | Entered Level 5 of the Dungeon
  5199 | D:5      | Reached XP level 7. HP: 35/41 MP: 7/7
  5289 | D:5      | Reached skill level 8 in Crossbows
  5528 | D:5      | Found an iron altar of Okawaru.
  5552 | D:5      | Became a worshipper of Warmaster Okawaru
  6123 | D:5      | Reached skill level 1 in Invocations
  6125 | D:5      | Reached XP level 8. HP: 42/48 MP: 7/9
  6653 | D:6      | Reached skill level 9 in Crossbows
  6697 | D:6      | Found a glowing drain.
  6701 | Sewer    | Entered a sewer
  7372 | Sewer    | Reached skill level 5 in Fighting
  7432 | Sewer    | Reached * piety under Okawaru
  7581 | D:6      | Noticed Eustachio
  7591 | D:6      | Killed Eustachio
  7595 | D:6      | Reached skill level 10 in Crossbows
  7595 | D:6      | Reached XP level 9. HP: 42/54 MP: 11/11
  8230 | D:7      | Found a radiant altar of Vehumet.
  8259 | D:7      | Reached ** piety under Okawaru
  8486 | D:7      | Reached skill level 11 in Crossbows
  8665 | D:7      | Got a blackened falchion
  8665 | D:7      | Identified the +3 falchion "Afocs" {drain, *Noise rElec
                  | Will+ Str+2} (You found it on level 7 of the Dungeon)
  9171 | D:7      | Found a broken altar of Ashenzari.
  9171 | D:7      | Found a sparkling altar of Nemelex Xobeh.
  9418 | D:8      | Reached XP level 10. HP: 59/61 MP: 13/13
  9473 | D:8      | Reached skill level 5 in Invocations
  9832 | D:8      | Noticed Erica
  9842 | D:8      | HP: 3/63 [Erica/bolt of poison (13)]
  9843 | D:8      | Killed Erica
  9849 | D:8      | Reached *** piety under Okawaru
  9890 | D:8      | Found a sacrificial altar of Ru.
  9920 | D:8      | Found a flagged portal.
  9943 | Bailey   | Entered a bailey
 10257 | Bailey   | Noticed an orc knight
 10309 | Bailey   | Killed an orc knight
 10309 | Bailey   | Received a gift from Okawaru
 10310 | Bailey   | Reached skill level 1 in Evocations
 11273 | Bailey   | Reached skill level 12 in Crossbows
 11961 | D:8      | Found a burning altar of Makhleb.
 12065 | D:8      | Reached XP level 11. HP: 56/69 MP: 13/15
 12989 | D:8      | Found a glowing silver altar of Zin.
 13070 | D:8      | Reached skill level 5 in Armour
 13581 | D:9      | Found a basalt altar of Yredelemnul.
 13672 | D:9      | Reached **** piety under Okawaru
 13697 | D:9      | Received a gift from Okawaru
 13826 | D:9      | Reached skill level 5 in Dodging
 13894 | D:9      | Identified the +12 trident of the Forest {vorpal, +Rage}
 14106 | D:9      | Found a staircase to the Lair.
 15075 | D:10     | Entered Level 10 of the Dungeon
 15217 | D:10     | Received a gift from Okawaru
 16084 | D:10     | Reached skill level 13 in Crossbows
 16575 | D:10     | Reached ***** piety under Okawaru
 17097 | D:10     | Received a gift from Okawaru
 17473 | D:11     | Reached XP level 12. HP: 38/77 MP: 17/17
 17613 | D:11     | Reached skill level 10 in Fighting
 18098 | D:11     | Received a gift from Okawaru
 18352 | D:11     | Noticed Snorg
 18683 | D:11     | Got an encrusted long sword
 18683 | D:11     | Identified the cursed +2 long sword of Arrival {flame, rF+
                  | rC+ Str-5 Dex+4} (You found it on level 11 of the Dungeon)
 19170 | D:11     | Killed Snorg
 19631 | D:12     | Received a gift from Okawaru
 19636 | D:12     | Noticed a two-headed ogre
 19651 | D:12     | Killed a two-headed ogre
 20077 | D:12     | Killed an unseen horror
 20387 | D:12     | Found a staircase to the Orcish Mines.
 20404 | D:12     | Found Dolud's Weapon Shop.
 20629 | D:12     | Reached skill level 1 in Long Blades
 20698 | D:13     | Demolished by a white ugly thing

Illustrated notes

Levels and vault maps discovered:
D:1:      kilobyte_arrival_exit_the_forest, layout_loops_corners
D:2:      layout_loops_ring, kennysheep_generic_room_12
D:3:      minmay_spotlight, layout_loops_corners, tso_altar, lemuel_round_altar,
          overflow_temple_1_default, grunt_qazlal_sundering
D:4:      layout_loops_corners, nicolae_overflow_crystal_walls,
          pdpol_wu_jian_five_deadly_venoms, uniq_edmund, uniq_natasha
D:5:      layout_layer_cave, okawaru_gym_becter
D:6:      layout_cave_pools, gup_sewer_entry_bowl, uniq_eustachio
D:7:      layout_gridville, lemuel_doored_altar,
          gammafunk_temple_overflow_pools, serial_glass, glass_columns_a,
          glass_columns_b, glass_columns_a, glass_columns_b,
          minmay_misc_feat_secret_circle, due_unseen_surprise
D:8:      kennysheep_housing_project, layout_basic, kennysheep_mini,
          nicolae_ru_awakened_eye, zin_scriptorium, enter_bailey_3, uniq_erica
D:9:      layout_cave_pods, yredelemnul_altar_generic, erik_lair_orcish_takeover
D:10:     layout_irregular_city, kennysheep_generic_room_10
D:11:     layout_basic, nicolae_benzene_ring, uniq_snorg
D:12:     layout_loops_corners, orc_david_3, kennysheep_path_1
D:13:     layout_irregular_city, serial_shops, shop, basic_altar,
          elyvilon_altar_1, uniq_erolcha

Skill      XL: |  1  2  3  4  5  6  7  8  9 10 11 12 |
---------------+-------------------------------------+-----
Crossbows      | 5 6 7 8 10 11 12 13 | 13.7
Armour         | 1 2 3 4 6 8 |  8.0
Fighting       | 3 4 5 6 8 9 10 | 10.8
Dodging        | 3 4 6 |  6.5
Invocations    | 1 3 4 6 7 8 |  8.6
Stealth        | 2 3 |  3.7
Evocations     | 2 |  2.9
Long Blades    | 1 |  1.0
Maces & Flails | |  0.4
Polearms       | |  0.1

Action                   |  1- 3 |  4- 6 |  7- 9 | 10-12 || total
-------------------------+-------+-------+-------+-------++-------
Melee: Whip              |       |    16 |       |       ||    16
       Falchion          |       |       |       |     4 ||     4
       Long sword        |       |       |       |    37 ||    37
       Trident           |       |       |       |     5 ||     5
 Fire: Hand crossbow     |    67 |   129 |   378 |  1030 ||  1604
Invok: Heroism           |       |       |     2 |    22 ||    24
 Abil: Evoke Berserk Rag |       |       |       |     1 ||     1
Evoke: Wand              |       |       |       |    18 ||    18
  Use: Scroll            |     2 |     1 |     7 |    19 ||    29
       Potion            |       |     1 |       |     4 ||     5
Armor: Leather armour    |     6 |     3 |       |       ||     9
       Skin              |       |     4 |       |       ||     4
       Ring mail         |       |    21 |    53 |   144 ||   218
       Crystal plate arm |       |       |       |   316 ||   316
Dodge: Dodged            |    10 |    52 |   114 |   525 ||   701

Table legend: (Time is in decaauts)
 A = Elapsed time spent in this place.
 B = Non-inter-level travel time spent in this place.
 C = Inter-level travel time spent in this place.
 D = Time resting spent in this place.
 E = Time spent auto-exploring this place.
 F = Levels seen in this place.
 G = Mean time per level.
                   A        B        C        D        E       F      G
               +--------+--------+--------+--------+--------+-----+--------+
         Total |  21030 |  20444 |    586 |   3273 |  13821 |  15 | 1402.0 |
       Dungeon |  18058 |  17472 |    586 |   2281 |  12374 |  13 | 1389.1 |
         Sewer |   1038 |   1038 |      0 |      0 |    844 |   1 | 1038.0 |
        Bailey |   1933 |   1933 |      0 |    992 |    603 |   1 | 1933.0 |
               +--------+--------+--------+--------+--------+-----+--------+

Top non-repeatable levels by time:
     D:3: 2152 daAuts
     D:9: 2150 daAuts
    D:11: 2088 daAuts
    D:10: 2002 daAuts
     D:8: 1964 daAuts
  Bailey: 1933 daAuts
     D:5: 1465 daAuts
     D:7: 1219 daAuts
    D:12: 1176 daAuts
     D:1: 1080 daAuts
     D:4: 1074 daAuts
   Sewer: 1038 daAuts
     D:2: 834 daAuts
     D:6: 823 daAuts
    D:13: 25 daAuts
